 Dungeon Crawl Stone Soup version 0.28.0-53-g5a82cb258f (webtiles) character file.

Game seed: 6562711495444091416

590 MiltankisOP the Changer (level 7, -5/58 HPs)
             Began as a Pale Draconian Transmuter on June 19, 2022.
             Was an Initiate of Ashenzari.
             Succumbed to a gnoll sergeant's poison
             ... on level 5 of the Dungeon.
             The game lasted 00:12:15 (4098 turns).

MiltankisOP the Changer (Pale Draconian Transmuter) Turns: 4098, Time: 00:12:16

Health: -5/58      AC:  6    Str: 11 (12) XL:     7   Next: 15%
Magic:  1/28       EV: 12    Int: 13 (15) God:    Ashenzari [......]
Gold:   278        SH:  0    Dex: 11 (12) Spells: 7/10 levels left

rFire   . . .      SeeInvis .     - Unarmed
rCold   . . .      Faith    .   (no shield)
rNeg    . . .      Spirit   +   (armour unavailable)
rPois   .          Reflect  .   (helmet currently unavailable)
rElec   .          Harm     .   (no cloak)
rCorr   .          Rampage  .   (no gloves)
Will    .....                   (boots currently unavailable)
Stlth   +.........              c - amulet of guardian spirit
HPRegen 0.19/turn               m - ring of magical power
MPRegen 0.21/turn               o - ring of magical power

@: brilliant, lethally poisoned (-5 -> -42), appendages (expiring), attractive,
hasted, invisible, very quick
A: horns 2, talons 2, breathe steam, AC +6, unfitting armour, cold-blooded,
steam resistance
a: Breathe Steam, End Transformation, Renounce Religion


You were on level 5 of the Dungeon.
You worshipped Ashenzari.
Ashenzari was noncommittal.
You had temporarily grown beastly horns and talons.
You visited 2 branches of the dungeon, and saw 6 of its levels.

You collected 278 gold pieces.

Inventory:

Jewellery
 c - an amulet of guardian spirit (around neck)
 m - a ring of magical power (left hand)
 o - a ring of magical power (right hand)
 v - a ring of resist corrosion
Wands
 l - a wand of flame (34)
 s - a wand of polymorph (2)
Scrolls
 a - 5 scrolls of identify {unknown}
 g - 2 scrolls of fog {unknown}
 h - a scroll of fear {unknown}
 i - 2 scrolls of magic mapping {unknown}
 k - 4 scrolls of enchant weapon {unknown}
 n - 2 scrolls of teleportation {unknown}
 r - a scroll of enchant armour {unknown}
 t - a scroll of amnesia {unknown}
 u - a scroll of immolation {unknown}
Potions
 b - a potion of invisibility
 d - a potion of degeneration
 e - 2 potions of haste
 j - a potion of attraction


   Skills:
 + Level 3.8 Fighting
 - Level 1.7 Dodging
 - Level 5.1 Unarmed Combat
 - Level 2.0 Spellcasting
 + Level 5.7 Transmutations


You had 7 spell levels left.
You knew the following spells:

 Your Spells              Type           Power      Damage    Failure   Level
a - Beastly Appendage     Tmut           48%        N/A       2%          1
b - Wereblood             Tmut           24%        N/A       3%          2

Your spell library contained the following spells:

 Spells                   Type           Power      Damage    Failure   Level
 Passwall                 Tmut/Erth      10%        N/A       12%         2
 Spider Form              Tmut/Pois      13%        N/A       24%         3
 Apportation              Tloc           2%         N/A       26%         1
 Ensorcelled Hibernation  Hex/Ice        2%         N/A       36%         2
 Dazzling Flash           Conj/Hex       2%         N/A       58%         3
 Swiftness                Air            1%         N/A       58%         3
 Ice Form                 Ice/Tmut       13%        N/A       61%         4
 Iskenderun's Mystic Bla  Conj/Tloc      1%         2d3       94%         4
 Freezing Cloud           Conj/Ice/Air   0%         6-21      100%        5
 Simulacrum               Ice/Necr       0%         N/A       100%        6
 Starburst                Conj/Fire      0%         6d3       100%        6
 Polar Vortex             Ice            0%         N/A       100%        9


Dungeon Overview and Level Annotations

Branches:
Dungeon (5/15)             Temple (1/1) D:5

Altars:
Ashenzari
Cheibriados
Dithmenos
Elyvilon
Fedhas
Gozag
Hepliaklqana
Kikubaaqudgha
Makhleb
Nemelex Xobeh
Okawaru
Qazlal
Sif Muna
Wu Jian
Xom
Yredelemnul
Zin
The Shining One

Annotations:
D:4 Grinder


Innate Abilities, Weirdness & Mutations

You have temporarily grown beastly horns and talons.
You can breathe blasts of scalding, opaque steam.
Your pale cyan-grey scales are hard. (AC +6)
You cannot fit into any form of body armour.
You are cold-blooded and may be slowed by cold attacks.
You are immune to the effects of steam.


Message History

* * * LOW HITPOINT WARNING * * *
You feel very sick.
The centaur zombie misses you. x2; The gnoll sergeant closely misses you.
It was a potion of heal wounds.
You feel much better.
You feel very sick. The centaur zombie hits you. The centaur zombie misses you.
The gnoll sergeant barely misses you.
You feel sick.
The gnoll sergeant is attracted toward you.
The gnoll is attracted toward you.
You hit the centaur zombie. You claw the centaur zombie.
You destroy the centaur zombie!
You feel very sick. The gnoll sergeant barely misses you.
The gnoll sergeant is attracted toward you.
You closely miss the gnoll sergeant. Your kick misses the gnoll sergeant.
Your tail-slap misses the gnoll sergeant.
The gnoll sergeant is severely wounded.
You feel sick. The gnoll misses you.
The gnoll sergeant hits you with a +0 spear of venom!
* * * LOW HITPOINT WARNING * * *
You feel sick.
The gnoll sergeant is attracted toward you.
The gnoll is attracted toward you.
You feel sick. The gnoll hits you with a +0 spear.
* * * LOW HITPOINT WARNING * * *
The gnoll sergeant hits you from afar with a +0 spear of venom.
* * * LOW HITPOINT WARNING * * *
You are more poisoned.
The gnoll sergeant is attracted toward you.
It was a potion of brilliance.
You feel clever all of a sudden.
Your transformation is almost over.
* * * LOW HITPOINT WARNING * * *
You feel very sick. The gnoll barely misses you.
The gnoll sergeant hits you with a +0 spear of venom!
* * * LOW HITPOINT WARNING * * *
You are more poisoned.
It was a potion of mutation.
You feel extremely strange.
You die...

..Z...............[#####
.##<.####.....)......>.#
.# ..# #.....)........#
.....####...)....)#....#
. .....>..........#....#
..#..#.........######
......(.....<...#
....###.........# ....
#.......@.# ##....(gg##
#....§§##########
##...#§.........#
###..#..........#
#..#g...........#
#...#...........#
#.#..#..........#
#..#..#.#########


You could see a gnoll sergeant and a gnoll.

Vanquished Creatures
  An ogre (D:2)
  A water moccasin skeleton (D:4)
  A bullfrog zombie (D:4)
  A centaur zombie (D:5)
  An orc priest (D:5)
  Natasha (twice) (D:4)
  Ijyb (D:4)
  An orc wizard (D:4)
  A killer bee zombie (D:5)
  5 gnolls (D:5)
  9 adders
  2 adder skeletons (D:4)
  4 dart slugs
  A worm (D:2)
  7 orcs
  3 bats (D:1)
  3 endoplasms
  2 giant cockroaches
  7 goblins
  6 hobgoblins
  8 kobolds
  5 quokkas
  5 ball pythons
  3 frilled lizards
  7 rats
87 creatures vanquished.

Vanquished Creatures (others)
  An orc wizard (D:4)
1 creature vanquished.

Grand Total: 88 creatures vanquished

Notes
Turn   | Place    | Note
-------+----------+-------------------------------------------
     0 | D:1      | MiltankisOP the Draconian Transmuter began the quest for
                  | the Orb.
     0 | D:1      | Reached XP level 1. HP: 16/16 MP: 3/3
    44 | D:1      | Reached XP level 2. HP: 13/23 MP: 3/5
   563 | D:1      | Reached XP level 3. HP: 28/28 MP: 4/6
   860 | D:2      | Found a faded altar of an unknown god.
   876 | D:2      | Got Plato's Incunabulum of Dislocation
   899 | D:2      | Noticed an ogre
   917 | D:2      | Killed an ogre
   918 | D:2      | Reached XP level 4. HP: 26/35 MP: 4/7
  1105 | D:2      | Reached XP level 5. HP: 30/40 MP: 6/8
  2528 | D:4      | Reached skill level 5 in Unarmed Combat
  2572 | D:4      | Identified the +4 robe of Maenaas {Int+3}
  2582 | D:4      | Noticed Ijyb
  2593 | D:4      | Killed Ijyb
  2594 | D:4      | Reached XP level 6. HP: 33/47 MP: 6/9
  2754 | D:4      | Noticed Natasha
  2769 | D:4      | Killed Natasha
  2841 | D:4      | Reached skill level 5 in Transmutations
  3042 | D:4      | Noticed Natasha
  3048 | D:4      | Killed Natasha
  3081 | D:4      | Noticed Grinder
  3469 | D:5      | Entered Level 5 of the Dungeon
  3470 | D:5      | Found a staircase to the Ecumenical Temple.
  3632 | Temple   | Entered the Ecumenical Temple
  3639 | Temple   | Became a worshipper of Ashenzari the Shackled
  3695 | D:5      | Your scales start taking on a pale cyan-grey colour.
  3695 | D:5      | Reached XP level 7. HP: 49/57 MP: 10/10
  3695 | D:5      | Gained mutation: You are immune to the effects of steam.
                  | [Pale Draconian growth]
  3773 | D:5      | Learned a level 2 spell: Wereblood
  4097 | D:5      | HP: 1/58 [gnoll sergeant/+0 spear of venom (2)]
  4098 | D:5      | Succumbed to a gnoll sergeant's poison

Illustrated notes

Levels and vault maps discovered:
D:1:      sevenhm_arrival_forest_fort_small_6, layout_rooms
D:2:      kb_forest_paths, layout_rooms, shapermc_ecumenical_altar_rom_forum,
          st_stairs_14
D:3:      layout_loops_corners, roderic_serpentine_path
D:4:      layout_basic, uniq_ijyb, uniq_grinder, uniq_natasha
D:5:      layout_rooms, minmay_temple_entry_proselytizer,
          minmay_stone_trees_large, dk_noncrumbling_2,
          hangedman_abyss_or_decor_jellyfish_corner
Temple:   nicolae_temple_no_exploring_needed

Skill      XL: |  1  2  3  4  5  6 |
---------------+-------------------+-----
Transmutations | 3 4 5 |  5.7
Unarmed Combat | 4 5 |  5.1
Fighting       | 3 |  3.8
Dodging        | |  1.7
Spellcasting   | |  2.0

Action                   |  1- 3 |  4- 6 |  7- 9 || total
-------------------------+-------+-------+-------++-------
Melee: Unarmed           |    80 |   162 |    27 ||   269
       Kick              |    15 |    37 |     8 ||    60
       Headbutt          |    11 |    30 |     5 ||    46
       Punch             |     2 |     3 |     1 ||     6
       Tailslap          |     4 |    14 |     3 ||    21
 Cast: Beastly Appendage |    21 |    29 |     4 ||    54
  Use: Potion            |       |       |     7 ||     7
Armor: Skin              |    22 |    33 |    15 ||    70
Dodge: Dodged            |    54 |    89 |    45 ||   188
